 Dungeon Crawl Stone Soup version 0.31-a0-188-g5e087ee2ca (webtiles) character file.

Game seed: 14122595778857210661

164 qw the Skirmisher (level 5, -3/29 HPs)
             Began as a Deep Elf Hunter on June 22, 2023.
             Slain by a hornet (9 damage)
             ... on level 3 of the Dungeon.
             The game lasted 00:00:56 (2077 turns).

qw the Skirmisher (Deep Elf Hunter)                 Turns: 2077, Time: 00:00:57

Health: -3/29      AC: 12    Str: 10    XL:     5   Next: 21%
Magic:  7/7        EV: 11    Int: 14    God:
Gold:   138        SH:  0    Dex: 24    Spells: 4/4 levels left

rFire   . . .        Y - +1 shortbow
rCold   . . .        (shield currently unavailable)
rNeg    . . .        l - +0 ring mail
rPois   .            h - +0 helmet
rElec   .            m - +0 cloak
rCorr   .            (no gloves)
SInv    .            c - +0 pair of boots
Will    .....        (no amulet)
Stlth   ++           e - +4 ring of protection
HPRegen 0.24/turn    i - +6 ring of dexterity
MPRegen 0.10/turn

%: no passive effects
@: lethally poisoned (-3 -> -6)
A: no striking features
a: no special abilities


You were on level 3 of the Dungeon.
You visited 1 branch of the dungeon, and saw 4 of its levels.

You collected 138 gold pieces.


   Skills:
 - Level 1.5 Fighting
 - Level 8.3 Ranged Weapons
 - Level 1.0 Armour
 + Level 2.4 Dodging
 - Level 1.2 Stealth


You had 4 spell levels left.
You didn't know any spells.
Your spell library was empty.

Inventory:

Hand Weapons
 Y - a +1 shortbow (weapon)
Armour
 c - a +0 pair of boots (worn)
 h - a +0 helmet (worn)
 l - a +0 ring mail (worn)
 m - a +0 cloak (worn)
Jewellery
 e - a +4 ring of protection (left hand)
 i - a +6 ring of dexterity (right hand)
Wands
 n - a wand of digging (6)
Potions
 a - 2 potions of curing
 b - a potion of haste {unknown}
 d - a potion of lignification {unknown}
 f - a potion of brilliance {unknown}

Dungeon Overview and Level Annotations

Branches:
Dungeon (4/15)
 Temple: D:4-7

Altars:
Gozag
Ru
Yredelemnul

Annotations:
D:3 1 runed translucent door, Crazy Yiuf


Message History

Enter note:
Enter note:
Enter note:
Enter note:
Enter note:
Enter note:
Enter note:
Enter note:
Enter note:
Enter note:
There is a stone staircase leading down here.
Done exploring.
(D) Dungeon
Where to? (* - list waypoints, Enter - D:4, ? - help)
What level of the Dungeon? (default 1, ? - help)
You climb downwards.
The hornet buzzes angrily.
There is a stone staircase leading up here.
A hornet is nearby!
Waypoint 3 assigned to D:4.
You shoot an arrow. The arrow barely misses the hornet.
The hornet stings you!
You are poisoned.
You feel yourself slow down.
2074 ||| STAIRDANCE You feel very sick.
The hornet stings you but does no damage.
The hornet closely misses you. The hornet misses you.
You climb upwards.
Level annotation: 1 runed translucent door, Crazy Yiuf You feel yourself speed up.
You feel very sick.
There is a stone staircase leading down here.
You shoot an arrow. The arrow hits the hornet!
The hornet is moderately wounded.
You feel sick. The hornet barely misses you.
You shoot an arrow. The arrow hits the hornet!
The hornet is severely wounded.
You feel sick. The hornet stings you!
You die...

777##...................#
777##...................#
#####...................#
####......#########.....#
..................#.....#
..................#.....#
..................#.....#
...###########....#.....#
:..#............@.#<...## ###
#########~.....y..#....########.#
~~........~.......#.........#...#
~_.~.~.~.~........#.....###.#.#.#
~~........~.....#.#.....# #.#....
#########~......''#########.#.#..
...#...............#.....#..#.#..
...#...............#.._..##......
...#...............#.....###.###.


You could see a hornet.

Vanquished Creatures
  Ijyb (D:3)
  Natasha (D:2)
  4 adders
  5 worms
  3 dart slugs
  3 ball pythons
  5 endoplasms
  2 giant cockroaches
  8 goblins
  2 hobgoblins (D:3)
  5 kobolds
  3 quokkas
  8 bats
  6 frilled lizards
  5 rats
61 creatures vanquished.

Notes
Turn   | Place    | Note
-------+----------+-------------------------------------------
     0 | D:1      | qw the Deep Elf Hunter began the quest for the Orb.
     0 | D:1      | Reached XP level 1. HP: 12/12 MP: 3/3
     0 | D:1      | 0 ||| qw: Version: 0.3-a-9-g12657ce
     0 | D:1      | 0 ||| qw: Game counter: 3048
     0 | D:1      | 0 ||| qw: Always use a shield: true
     0 | D:1      | 0 ||| qw: God list: Okawaru
     0 | D:1      | 0 ||| qw: Allow faded altars: false
     0 | D:1      | 0 ||| qw: Do Orc after D:15 true
     0 | D:1      | 0 ||| qw: Do second Lair branch before Depths: true
     0 | D:1      | 0 ||| qw: Lair rune preference: random
     0 | D:1      | 0 ||| qw: Plans: Normal
     0 | D:1      | 0 ||| PLANNING D:1-11
    52 | D:1      | Reached XP level 2. HP: 16/16 MP: 4/4
    66 | D:1      | Reached skill level 6 in Ranged Weapons
   448 | D:1      | 448 ||| UPGRADING to +0 helmet.
   453 | D:1      | 453 ||| UPGRADING to +0 scale mail.
   463 | D:1      | 463 ||| DROPPING +0 leather armour.
   464 | D:1      | 464 ||| UPGRADING to +0 cloak.
   469 | D:1      | 469 ||| UPGRADING to +4 ring of protection.
   470 | D:1      | 470 ||| UPGRADING to +6 ring of dexterity.
   471 | D:1      | 471 ||| READING scroll labelled OLYLUT TITUUSK.
   474 | D:1      | 474 ||| READING scroll labelled RUAPRA LOKAASH.
   475 | D:1      | 475 ||| READING scroll labelled BIMNAF VEGHEYCI.
   476 | D:1      | 476 ||| READING scroll labelled APPIES KYONEAPSU.
   477 | D:1      | 477 ||| DROPPING scroll of butterflies.
   526 | D:2      | Reached XP level 3. HP: 20/20 MP: 5/5
   657 | D:2      | Reached skill level 7 in Ranged Weapons
   939 | D:2      | Noticed Natasha
   949 | D:2      | Killed Natasha
   950 | D:2      | Reached XP level 4. HP: 16/25 MP: 6/6
  1075 | D:2      | Found a faded altar of an unknown god.
  1208 | D:2      | 1208 ||| READING scroll labelled LYMADI FOCEUK.
  1292 | D:3      | Found a runed translucent door.
  1293 | D:3      | Noticed Crazy Yiuf
  1458 | D:3      | Noticed Ijyb
  1461 | D:3      | Reached skill level 8 in Ranged Weapons
  1473 | D:3      | Killed Ijyb
  1474 | D:3      | Reached skill level 1 in Armour
  1474 | D:3      | Reached XP level 5. HP: 27/29 MP: 7/7
  1534 | D:3      | Found an opulent altar of Gozag.
  1825 | D:3      | Found a sacrificial altar of Ru.
  1848 | D:3      | Found a basalt altar of Yredelemnul.
  1929 | D:3      | 1929 ||| UPGRADING to +0 pair of boots.
  1934 | D:3      | 1934 ||| UPGRADING to +0 ring mail.
  1944 | D:3      | 1944 ||| DROPPING +0 scale mail.
  1945 | D:3      | 1945 ||| READING scroll labelled QARPHI TUJUETAMI.
  1946 | D:3      | 1946 ||| READING scroll labelled ZAPO OSMIWO.
  1947 | D:3      | 1947 ||| READING scroll labelled CYKIOC JAMAZEC.
  1948 | D:3      | 1948 ||| READING scroll labelled MID MA TEJ JIC.
  1949 | D:3      | 1949 ||| DRINKING 3 fuming silvery potions.
  1951 | D:3      | 1951 ||| Stepping ~*~*~tactically~*~*~ (cloud).
  1960 | D:3      | HP: 7/29 [poisoned by you (poison gas)]
  2072 | D:4      | Noticed a hornet
  2074 | D:4      | 2074 ||| STAIRDANCE
  2076 | D:3      | HP: 6/29 [poisoned by a hornet]
  2077 | D:3      | Slain by a hornet

Levels and vault maps discovered:
D:1:      dpeg_arrival_central, layout_rooms
D:2:      layout_loops_cross, shapermc_ecumenical_altar_notcrosses, uniq_natasha
D:3:      layout_basic, lemuel_coloured_pillars_altar,
          mainiacjoe_overflow_alcove_2, nicolae_ru_path_of_blood, uniq_ijyb,
          uniq_crazy_yiuf_cottage
D:4:      layout_loops_ring, fedhas_altar_1, minitemple,
          chequers_serial_rivers_large_b, uniq_duvessa

Skill      XL: |  1  2  3  4 |
---------------+-------------+-----
Ranged Weapons | 6 7 8 |  8.3
Armour         | 1 |  1.0
Fighting       | |  1.5
Dodging        | |  2.4
Stealth        | |  1.2

Action                     |  1- 3 |  4- 6 || total
---------------------------+-------+-------++-------
   Fire: Shortbow          |   108 |    81 ||   189
    Use: Scroll            |     4 |     5 ||     9
         Potion            |       |     1 ||     1
 Armour: Leather armour    |     1 |       ||     1
         Scale mail        |    30 |    21 ||    51
         Ring mail         |       |     1 ||     1
  Dodge: Dodged            |    39 |    17 ||    56

Table legend:
 A = Non-vault XP
 B = Vault XP
 C = Vault XP percentage of total XP
 D = Non-vault monster count
 E = Vault monster count
 F = Vault count percentage of total count
                 A         B        C        D         E       F
            +---------+---------+-------+---------+---------+-------
      Total |     164 |      71 |  30.2 |      59 |       2 |   3.3
            +---------+---------+-------+---------+---------+-------
        D:1 |      28 |       0 |   0.0 |      15 |       0 |   0.0
        D:2 |      71 |      35 |  33.0 |      26 |       1 |   3.7
        D:3 |      65 |      36 |  35.6 |      18 |       1 |   5.3
            +---------+---------+-------+---------+---------+-------
